 Dungeon Crawl Stone Soup version 0.32-a0-913-g739538afd8 (webtiles) character file.

Game seed: 582593096936062207

110 hikkokomori the Ruffian (level 4, 0/34 HPs)
             Began as a Gnoll Shapeshifter on Apr 7, 2024.
             Was a Plaything of Xom.
             Killed by divine providence
             ... invoked by an orc priest
              (16 damage)
             ... on level 3 of the Dungeon.
             The game lasted 00:06:10 (2278 turns).

hikkokomori the Ruffian (Gnoll Shapeshifter)        Turns: 2278, Time: 00:06:11

Health: 0/34       AC:  8    Str: 14    XL:     4   Next: 91%
Magic:  5/6        EV:  7    Int: 11    God:    Xom [.*....]
Gold:   90         SH:  5    Dex: 11    Spells: 5/5 levels left

rFire   . .          .
                       - Unarmed
rCold   . . .        (no shield)
rNeg    . . .        i - +0 chain mail
rPois   .            (helmet currently unavailable)
rElec   .            (cloak currently unavailable)
rCorr   .            (gloves currently unavailable)
SInv    .            (boots currently unavailable)
Will    .....        o - amulet of reflection Stlth
                     (no ring)
HPRegen 0.25/turn    (no ring)
MPRegen 0.10/turn

%: reflection
@: beast-form
A: beast (slay +3), fangs 1, strong nose, distributed training
a: Begin Untransformation, Renounce Religion


You were on level 3 of the Dungeon.
You worshipped Xom.
You were a plaything of Xom.
You were a hulking beast.
You visited 1 branch of the dungeon, and saw 3 of its levels.

You collected 90 gold pieces.

Inventory:

Hand Weapons
 f - a +0 hand axe
Missiles
 n - 3 poisoned darts (quivered)
Armour
 a - a +0 animal skin
 g - a +2 pair of boots
 h - a +0 ring mail
 i - a +0 chain mail (worn)
Jewellery
 k - an amulet of magic regeneration
 m - a ring of fire
 o - an amulet of reflection (around neck)
Talismans
 c - a beast talisman (active)
 d - a flux talisman
Scrolls
 l - a scroll of silence
Potions
 b - 2 potions of lignification
 e - a potion of might
 j - a potion of curing
 p - a potion of haste


   Skills:
 + Level 2.9 Fighting
 + Level 1.3 Short Blades
 + Level 1.3 Long Blades
 + Level 1.3 Axes
 + Level 1.3 Maces & Flails
 + Level 1.3 Polearms
 + Level 1.3 Staves
 + Level 1.3 Ranged Weapons
 + Level 1.3 Throwing
 + Level 1.3 Armour
 + Level 4.7 Dodging
 + Level 1.3 Stealth
 + Level 1.3 Shields
 + Level 6.6 Unarmed Combat
 + Level 1.3 Spellcasting
 + Level 1.1 Conjurations
 + Level 1.1 Hexes
 + Level 1.1 Summonings
 + Level 1.1 Necromancy
 + Level 1.1 Translocations
 + Level 1.1 Fire Magic
 + Level 1.1 Ice Magic
 + Level 1.1 Air Magic
 + Level 1.1 Earth Magic
 + Level 1.1 Alchemy
 + Level 1.5 Invocations
 + Level 1.3 Evocations
 + Level 6.6 Shapeshifting


You had 5 spell levels left.
You didn't know any spells.
Your spell library contained the following spells:

 Spells                   Type           Power      Damage    Failure   Level
 Sigil of Binding         Hex            3%         N/A       100%        3
 Death Channel            Necr           1%         N/A       100%        6
 Sculpt Simulacrum        Ice/Alch       1%         N/A       100%        6


Dungeon Overview and Level Annotations

Branches:
Dungeon (3/15)

Altars:
Xom


Innate Abilities, Weirdness & Mutations

You are a hulking beast.
Your limbs bulge with bestial killing power. (Slay +3)
You have very sharp teeth.
Your uncanny sense of smell can sniff out nearby items.
Your experience applies equally to all skills.


Message History

There is a stone staircase leading down here.
You start resting.
HP restored.
You climb downwards.
The orc hits you but does no damage. The orc hits you with a +0 mace.
The orc hits you but does no damage. The orc barely misses you.
There is a stone staircase leading up, spattered with blood here.
The orc hits you with a +0 club. You block the orc's attack.
You climb upwards.
There is a stone staircase leading down here.
You completely miss the orc. You hit the orc but do no damage.
The orc hits you but does no damage. x2
You punch the orc!
You kill the orc!
The orc hits you but does no damage.
You hit the orc. Your punch misses the orc.
The orc is almost dead.
The orc hits you but does no damage.
You hit the orc but do no damage.
The orc is almost dead.
You block the orc's attack.
You hit the orc.
You kill the orc!
You start resting.
HP restored.
You climb downwards.
There is a stone staircase leading up, spattered with blood here.
The orc barely misses you.
You barely miss the orc. Your bite misses the orc.
The orc hits you with a +0 club.
You hit the orc. You punch the orc.
You kill the orc!
The orc priest mumbles some strange prayers to Beogh against you.
Beogh smites you!
Ouch! That really hurt!
You emit a cloud of colourful smoke!
The orc priest calls down the wrath of Beogh upon you.
Beogh smites you!
You die...
Xom laughs nastily!

....## #.### ....... #.#
#........ #.# #........
#.# '........ #'#######
#........ ........#
#........
........#########§..[....
........'....§§§h§....o..
........#########§.......
).....................(..
..†.#'################..[
###.#.# .. #.#.# #^#.#
#.#.# #.# ∆


You could see an orc priest.

Vanquished Creatures
  Natasha (twice) (D:2)
  A dart slug (D:2)
  9 orcs
  2 ball pythons (D:1)
  5 bats
  5 endoplasms (D:1)
  A giant cockroach (D:1)
  5 goblins (D:1)
  4 hobgoblins
  4 kobolds
  2 quokkas (D:1)
  2 frilled lizards
  3 rats
45 creatures vanquished.

Notes
Turn   | Place    | Note
-------+----------+-------------------------------------------
     0 | D:1      | hikkokomori the Gnoll Shapeshifter began the quest for the
                  | Orb.
     0 | D:1      | Reached XP level 1. HP: 17/17 MP: 1/1
    84 | D:1      | Reached XP level 2. HP: 23/23 MP: 2/2
   508 | D:1      | Reached XP level 3. HP: 28/28 MP: 3/3
   716 | D:1      | Found a faded altar of an unknown god.
   813 | D:1      | Prayed at the altar of an unknown god.
   813 | D:1      | Became a worshipper of Xom the Chaotic
   921 | D:1      | Reached skill level 1 in Invocations
  1237 | D:2      | XOM: silly message
  1383 | D:2      | Noticed Natasha
  1386 | D:2      | Killed Natasha
  1387 | D:2      | Reached skill level 1 in Short Blades
  1387 | D:2      | Reached skill level 1 in Long Blades
  1387 | D:2      | Reached skill level 1 in Axes
  1387 | D:2      | Reached skill level 1 in Maces & Flails
  1387 | D:2      | Reached skill level 1 in Polearms
  1387 | D:2      | Reached skill level 1 in Staves
  1387 | D:2      | Reached skill level 1 in Ranged Weapons
  1387 | D:2      | Reached skill level 1 in Throwing
  1387 | D:2      | Reached skill level 1 in Armour
  1387 | D:2      | Reached skill level 1 in Stealth
  1387 | D:2      | Reached skill level 1 in Shields
  1387 | D:2      | Reached skill level 1 in Spellcasting
  1387 | D:2      | Reached skill level 1 in Evocations
  1387 | D:2      | Reached XP level 4. HP: 33/34 MP: 5/5
  1526 | D:2      | XOM: summons 3 hostile demons
  1571 | D:2      | XOM: stat loss: -1 Dex (10/11)
  1710 | D:2      | Noticed Natasha
  1721 | D:2      | XOM: enchant monster (good)
  1723 | D:2      | XOM: enchant monster (bad)
  1931 | D:2      | Killed Natasha
  1932 | D:2      | Reached skill level 1 in Conjurations
  1932 | D:2      | Reached skill level 1 in Hexes
  1932 | D:2      | Reached skill level 1 in Summonings
  1932 | D:2      | Reached skill level 1 in Necromancy
  1932 | D:2      | Reached skill level 1 in Translocations
  1932 | D:2      | Reached skill level 1 in Fire Magic
  1932 | D:2      | Reached skill level 1 in Ice Magic
  1932 | D:2      | Reached skill level 1 in Air Magic
  1932 | D:2      | Reached skill level 1 in Earth Magic
  1932 | D:2      | Reached skill level 1 in Alchemy
  2161 | D:3      | XOM: butterfly on damage
  2167 | D:3      | XOM: blink monster(s)
  2277 | D:3      | XOM: smoke on damage
  2278 | D:3      | Killed from afar by an orc priest

Illustrated notes

Levels and vault maps discovered:
D:1:      lemuel_arrival_funnel, layout_loops_corners,
          hellmonk_ecumenical_altar_crossroads
D:2:      layout_loops_ring, dreamdust_princess_corridor, serial_bayou_lagoon_b,
          uniq_natasha
D:3:      layout_basic

Skill      XL: |  1  2  3  4 |
---------------+-------------+-----
Invocations    | 1 |  1.5
Short Blades   | 1 |  1.3
Long Blades    | 1 |  1.3
Axes           | 1 |  1.3
Maces & Flails | 1 |  1.3
Polearms       | 1 |  1.3
Staves         | 1 |  1.3
Ranged Weapons | 1 |  1.3
Throwing       | 1 |  1.3
Armour         | 1 |  1.3
Stealth        | 1 |  1.3
Shields        | 1 |  1.3
Spellcasting   | 1 |  1.3
Evocations     | 1 |  1.3
Conjurations   | 1 |  1.1
Hexes          | 1 |  1.1
Summonings     | 1 |  1.1
Necromancy     | 1 |  1.1
Translocations | 1 |  1.1
Fire Magic     | 1 |  1.1
Ice Magic      | 1 |  1.1
Air Magic      | 1 |  1.1
Earth Magic    | 1 |  1.1
Alchemy        | 1 |  1.1
Fighting       | |  2.9
Dodging        | |  4.7
Unarmed Combat | |  6.6
Shapeshifting  | |  6.6

Action                     |  1- 3 |  4- 6 || total
---------------------------+-------+-------++-------
  Melee: Unarmed           |    52 |    52 ||   104
         Bite              |     1 |     4 ||     5
         Punch             |     1 |     2 ||     3
    Use: Scroll            |     1 |     4 ||     5
         Potion            |     1 |       ||     1
   Stab: Sleeping          |     2 |       ||     2
 Armour: Animal skin       |    16 |    25 ||    41
         Chain mail        |       |    10 ||    10
  Dodge: Dodged            |    27 |    28 ||    55
  Block: Other             |       |     8 ||     8
   Form: Beast             |     1 |       ||     1
         Flux              |     1 |       ||     1

Table legend: (Time is in decaauts)
 A = Elapsed time spent in this place.
 B = Non-inter-level travel time spent in this place.
 C = Inter-level travel time spent in this place.
 D = Time resting spent in this place.
 E = Time spent auto-exploring this place.
 F = Levels seen in this place.
 G = Mean time per level.
                   A        B        C        D        E       F      G
               +--------+--------+--------+--------+--------+-----+--------+
         Total |   2284 |   2194 |     90 |    173 |   1601 |   3 |  761.3 |
       Dungeon |   2284 |   2194 |     90 |    173 |   1601 |   3 |  761.3 |
               +--------+--------+--------+--------+--------+-----+--------+

Top non-repeatable levels by time:
     D:1: 1079 daAuts
     D:2: 1034 daAuts
     D:3: 171 daAuts
